cohdb
Replays
Latest Replays
All Replays
Popular Replays
Top Player Replays
Match Explorer
How It Works
Community
CoH3 Stats
Reddit
Sign in to upload your games and track your stats! →
Sign in with Steam
Match 43282662
Unlisted
Match 43282662
Overview
Messages
Build Orders
End
Construct Section Command Post
Dingo Light Scout Car
Infantry Section
Infantry Section
Construct Platoon Command Post
Infantry Section
Unlock M3 Stuart Light Tanks
6-pounder Anti-tank Gun Team
M3 Stuart Light Tank
Grenade Package
M3 Stuart Light Tank
M3 Stuart Light Tank
Infantry Section
M3 Stuart Light Tank
M3 Stuart Light Tank
Infantry Section
Zaphie
Neutroid
Gwangju's Hero Chun Doo-gwang
队友都是菜逼
0
0
Comments
sign in to comment!
No comments posted yet!